 Dungeon Sprint DCSS version 0.23-a0-143-g1adec7b (webtiles) character file.

304 Faca the Cleaver (level 6, 0/59 HPs)
             Began as a Formicid Fighter on Aug 31, 2018.
             Was an Elder of the Shining One.
             Slain by a death cob (17 damage)
             ... in the Dungeon (Sprint V: "Ziggurat Sprint").
             The game lasted 00:01:54 (138 turns).

Faca the Cleaver (Formicid Fighter)                  Turns: 138, Time: 00:01:55

Health: 0/59       AC: 16    Str: 34    XL:     6   Next: 66%
Magic:  6/6        EV:  6    Int:  7    God:    the Shining One [****..]
Gold:   0          SH: 13    Dex: 11    Spells: 5/5 levels left

rFire    . . .     SeeInvis +   q - +5 broad axe
rCold    . . .     Gourm    .   o - +3 shield
rNeg     + + .     Faith    .   m - +5 plate armour
rPois    .         Spirit   .   (helmet unavailable)
rElec    .         Reflect  .   (no cloak)
rCorr    .         Harm     .   (no gloves)
MR       .....                  (no boots)
Stlth    ..........             (no amulet)
HPRegen  0.19/turn              K - +6 ring of strength
MPRegen  0.10/turn              L - +6 ring of strength

@: glowing
A: permanent stasis, dig shafts and tunnels, four strong arms, antennae 3
a: Dig, Divine Shield, Cleansing Flame, Renounce Religion


You were in the Dungeon.
You worshipped the Shining One.
The Shining One was greatly pleased with you.
You were not hungry.

You visited 1 branch

Inventory:

Hand Weapons
 b - the +4 hand axe of Thoughtfulness {freeze, Stlth+}
   (You found it in the Dungeon)

   It has been specially enchanted to freeze those struck by it, causing extra
   injury to most foes and up to half again as much damage against particularly
   susceptible opponents.
   It can also slow down cold-blooded creatures.
   It makes you more stealthy.
 c - the +3 battleaxe of Spontaneous Combustion {holy, rPois rC+ MP+9 Dex+3}
   (You found it in the Dungeon)

   It has been blessed by the Shining One to cause great damage to the undead
   and demons.
   It affects your dexterity (+3).
   It protects you from cold.
   It protects you from poison.
   It affects your magic capacity (+9).
 p - a +5 battleaxe
 q - a +5 broad axe (weapon)
 r - a +5 executioner's axe
 M - the +7 great mace "Firestarter" {inner flame, rF++}
   (You found it in the Dungeon)

   It has been specially enchanted to burn those struck by it, causing extra
   injury to most foes and up to half again as much damage against particularly
   susceptible opponents.
   It greatly protects you from fire.
Armour
 l - +5 gold dragon scales
 m - a +5 plate armour (worn)
 n - a +3 large shield
 o - a +3 shield (worn)
 N - the +15 Maxwell's patent armour {-Cast -Tele rElec MR+ rCorr}
   (You found it in the Dungeon)

   It insulates you from electricity.
   It affects your resistance to hostile enchantments.
   It prevents spellcasting.
   It prevents most forms of teleportation.
   It provides partial protection from all sources of acid and corrosion.
 O - the +18 shield of the Gong {rElec rN+ MR+ EV-5}
   (You found it in the Dungeon)

   It affects your evasion (-5).
   It insulates you from electricity.
   It protects you from negative energy.
   It affects your resistance to hostile enchantments.
Jewellery
 G - a +6 ring of dexterity
 J - a +6 ring of intelligence
 K - a +6 ring of strength (left hand)
 L - a +6 ring of strength (right hand)
Wands
 y - a wand of disintegration (7)
 E - a wand of iceblast (7)
 F - a wand of acid (7)
Scrolls
 s - 4 scrolls of amnesia
 t - 7 scrolls of fog
 u - a scroll of holy word
 v - 5 scrolls of identify
 w - 5 scrolls of remove curse
 x - 2 scrolls of fear
Potions
 d - 6 potions of might
 e - 10 potions of curing
 g - 14 potions of heal wounds
 i - 7 potions of magic
 z - 2 potions of brilliance
 B - 4 potions of resistance
 D - 5 potions of agility
Comestibles
 a - 2 chunks of flesh
 f - 7 rations


   Skills:
 + Level 9.5 Fighting
 + Level 11.0 Axes
 - Level 3.2 Armour
 - Level 3.6 Shields


You had 5 spell levels left.
You didn't know any spells.
Your spell library was empty.

Dungeon Overview and Level Annotations

Branches:
Dungeon (1/1)

Altars:
Ashenzari
Cheibriados
Dithmenos
Elyvilon
Fedhas
Gozag
Hepliaklqana
Kikubaaqudgha
Makhleb
Nemelex Xobeh
Okawaru
Qazlal
Ru
Sif Muna
Trog
Uskayaw
Vehumet
Wu Jian
Xom
Yredelemnul
Zin
The Shining One
Beogh
Jiyva
Lugonu

Annotations:
D 1 transporter


Innate Abilities, Weirdness & Mutations

You cannot be hasted, slowed, berserked, paralysed or teleported.
You can dig through walls and to a lower floor.
Your four strong arms can wield two-handed weapons with a shield.
You have a pair of large antennae on your head. (SInv)


Message History

The draconian picks up a +0 war axe of flaming.
The draconian wields a +0 war axe of flaming.
It bursts into flame!
Found three items.
Found a transporter.
The death cob hits you! The death cob drains your vigour!
Your stasis prevents you from being slowed.
You slash the death cob!
The death cob is lightly damaged.
You slice the death cob!! The death cob hits you!
The death cob drains your vigour!
Your stasis prevents you from being slowed.
The death cob barely misses you. The death cob hits you.
The death cob barely misses you. x2; You block the death cob's attack.
You closely miss the death cob.
The death cob is lightly damaged.
You slash the death cob! You block the death cob's attack.
The death cob completely misses you. The death cob hits you!!
* * * LOW HITPOINT WARNING * * *
The death cob hits you!
You die...

▓..©..▓..©..▓▓▓▓▓▓▓
▓▓▓▓▓▓▓▓▓▓▓▓▓▓
▓..8©8...▓
▓...[|...▓ {{{
▓...|....▓ { {
▓........▓
▓.dd.....▓ {
▓.▓zz..▓.▓ {
▓..@©....▓
▓▓▓▓▓▓▓▓▓▓


{{{{ {{{ You could see 2 death cobs and 2 draconians.

Vanquished Creatures
  A tarantella (D)
  A scorpion (D)
  A quasit (D)
  An iron imp (D)
  4 adders (D)
  A white imp (D)
9 creatures vanquished.

Vanquished Creatures (others)
  A spatial maelstrom (D)
1 creature vanquished.

Grand Total: 10 creatures vanquished

Notes
Turn   | Place    | Note
-------+----------+-------------------------------------------
     0 | D        | Found the +6 Majin-Bo {vamp, Archmagi MP+6 Int+6}
     0 | D        | Found the +7 great mace "Firestarter" {inner flame, rF++}
     0 | D        | Faca the Formicid Fighter began the quest for the Orb.
     0 | D        | Reached XP level 1. HP: 18/18 MP: 1/1
     3 | D        | Found a blossoming altar of Fedhas.
     5 | D        | Found a viscous altar of Jiyva.
     5 | D        | Found a hazy altar of Hepliaklqana.
     5 | D        | Found a transporter.
     5 | D        | Found an opulent altar of Gozag.
     5 | D        | Found an ancient bone altar of Kikubaaqudgha.
     5 | D        | Found a corrupted altar of Lugonu.
     9 | D        | Found a burning altar of Makhleb.
    10 | D        | Found a sacrificial altar of Ru.
    10 | D        | Found a stormy altar of Qazlal.
    10 | D        | Found a deep blue altar of Sif Muna.
    10 | D        | Found an iron altar of Okawaru.
    10 | D        | Found a bloodstained altar of Trog.
    10 | D        | Found a sparkling altar of Nemelex Xobeh.
    14 | D        | Banished a spatial maelstrom
    27 | D        | Found the +6 shillelagh "Devastator" {shatter}
    27 | D        | Found the +11 plutonium sword {*Contam Stlth-}
    27 | D        | Found the +8 lance "Wyrmbane" {slay drac, rPois rF+ rC+
                  | AC+3}
    27 | D        | Found the +9 sword of Zonguldrok {reap}
    27 | D        | Found the cursed +13 scythe of Curses {drain, *Curse}
    27 | D        | Found the +0 sword of Power
    27 | D        | Found the +7 mace of Variability {chain chaos}
    27 | D        | Found the +7 Singing Sword
    27 | D        | Found the +7 longbow "Piercer" {penet, EV-2}
    29 | D        | Found the +9 heavy crossbow "Sniper" {velocity, Acc+∞ SInv}
    29 | D        | Found the +10 dark maul {crush}
    29 | D        | Found the +15 Maxwell's patent armour {-Cast -Tele rElec
                  | MR+ rCorr}
    29 | D        | Found the +18 shield of the Gong {rElec rN+ MR+ EV-5}
    29 | D        | Found the cursed +14 obsidian axe {chop, +Fly SInv *Curse}
    40 | D        | Became a worshipper of the Shining One
    79 | D        | Reached skill level 7 in Axes
    79 | D        | Reached XP level 2. HP: 24/24 MP: 2/2
    86 | D        | Entered arena 2.
    86 | D        | Noticed a tarantella
    86 | D        | Noticed a scorpion
    86 | D        | Found a transporter.
    89 | D        | Killed a tarantella
    89 | D        | Reached skill level 9 in Axes
    89 | D        | Reached XP level 3. HP: 36/36 MP: 3/3
    89 | D        | Reached XP level 4. HP: 43/43 MP: 4/4
    89 | D        | Reached XP level 5. HP: 48/48 MP: 5/5
    90 | D        | Reached skill level 10 in Axes
    90 | D        | Reached XP level 6. HP: 52/56 MP: 6/6
   104 | D        | Entered arena 3.
   104 | D        | Reached * piety under the Shining One
   104 | D        | Reached ** piety under the Shining One
   104 | D        | Found a transporter.
   117 | D        | Got the +4 hand axe of Thoughtfulness {freeze, Stlth+}
   119 | D        | Entered arena 4.
   119 | D        | Reached *** piety under the Shining One
   119 | D        | Found a transporter.
   122 | D        | Reached skill level 11 in Axes
   127 | D        | Got the +3 battleaxe of Spontaneous Combustion {holy, rPois
                  | rC+ MP+9 Dex+3}
   132 | D        | Got the ring "Yddis" {Wiz Str+4 Dex-2 SInv}
   135 | D        | Entered arena 5.
   135 | D        | Noticed a draconian
   135 | D        | Noticed a death cob
   135 | D        | Noticed a death cob
   135 | D        | Reached **** piety under the Shining One
   135 | D        | Noticed a draconian
   135 | D        | Found a transporter.
   138 | D        | Slain by a death cob

Vault maps used:
D:        sprint_v

Skill      XL: |  1  2  3  4  5  6 |
---------------+-------------------+-----
Axes           | 7 9 10 11 | 11.0
Fighting       | 7 8 9 |  9.5
Armour         | |  3.2
Shields        | |  3.6

Action                   |  1- 3 |  4- 6 || total
-------------------------+-------+-------++-------
Melee: Broad axe         |     2 |    10 ||    12
  Use: Potion            |     1 |       ||     1
Armor: Plate armour      |     3 |     1 ||     4
Dodge: Dodged            |       |     6 ||     6
Block: Shield            |     1 |     5 ||     6

Table legend:
 A = Non-vault XP
 B = Vault XP
 C = Vault XP percentage of total XP
 D = Non-vault monster count
 E = Vault monster count
 F = Vault count percentage of total count
                 A         B        C        D         E       F
            +---------+---------+-------+---------+---------+-------
      Total |       0 |     426 | 100.0 |       0 |       9 | 100.0
            +---------+---------+-------+---------+---------+-------
          D |       0 |     426 | 100.0 |       0 |       9 | 100.0
            +---------+---------+-------+---------+---------+-------
